 Dungeon Crawl Stone Soup version 0.28-a0-998-gb9e9c7b67e (webtiles) character file.

Game seed: 1611038849021305011

21 ytrimaz the Scratcher (level 2, 0/12 HPs)
             Began as a Felid Transmuter on Dec 5, 2021.
             Succumbed to an adder's poison
             ... on level 2 of the Dungeon.
             The game lasted 00:01:36 (1267 turns).

ytrimaz the Scratcher (Felid Transmuter)            Turns: 1267, Time: 00:01:37

Health: 0/12       AC:  1    Str:  6    XL:     2   Next: 65%
Magic:  5/6        EV: 17    Int: 14    God:
Gold:   56         SH:  0    Dex: 16    Spells: 2/5 levels left
                                        Lives:  0   Deaths: 0

rFire   . . .      SeeInvis +     - Unarmed
rCold   . . .      Faith    .   (shield unavailable)
rNeg    . . .      Spirit   .   (armour unavailable)
rPois   .          Reflect  .   (helmet unavailable)
rElec   .          Harm     .   (cloak unavailable)
rCorr   .          Rampage  .   (gloves unavailable)
Will    .....                   (boots unavailable)
Stlth   ++........              (no amulet)
HPRegen 0.04/turn               (no ring)
MPRegen 0.10/turn               (no ring)

@: lethally poisoned (0 -> -5), appendages, quick
A: horns 2, very small, claws 1, fangs 3, see invisible, speed 1, shaggy fur 1,
stealthy paws, no weapons or thrown items, no armour, multi-lived
a: End Transformation


You were on level 2 of the Dungeon.
You had temporarily grown beastly horns.
You visited 1 branch of the dungeon, and saw 2 of its levels.

You collected 56 gold pieces.

Inventory:

Potions
 a - 2 potions of might


   Skills:
 * Level 1.0 Fighting
 + Level 2.8 Dodging
 - Level 0.2 Stealth
 + Level 3.3 Unarmed Combat
 + Level 2.4 Spellcasting
 + Level 2.5 Transmutations


You had 2 spell levels left.
You knew the following spells:

 Your Spells              Type           Power      Damage    Failure   Level
a - Beastly Appendage     Tmut           16%        N/A       8%          1
b - Wereblood             Tmut           8%         N/A       12%         2

Your spell library contained the following spells:

 Spells                   Type           Power      Damage    Failure   Level
 Shock                    Conj/Air       4%         1d3       22%         1
 Spider Form              Tmut/Pois      5%         N/A       38%         3
 Swiftness                Air            1%         N/A       56%         3
 Ice Form                 Ice/Tmut       5%         N/A       80%         4
 Airstrike                Air            0%         N/A       92%         4


Dungeon Overview and Level Annotations

Branches:
Dungeon (2/15)

Altars:


Innate Abilities, Weirdness & Mutations

You have temporarily grown beastly horns.
You have sharp claws.
You have razor-sharp teeth.
You have supernaturally acute eyesight. (SInv)
You cover ground quickly. (Speed+)
You are covered in fur. (AC +1)
Your paws help you pounce on unaware monsters.
You are incapable of wielding weapons or throwing items.
You cannot wear armour.
You gain extra lives every three experience levels.


Message History

You now have 53 gold pieces (gained 7).
Found 28 stones.
You see here a +4 glaive.
You see here a +0 giant club.
You open the door.
Found a stone staircase leading down.
There is an open door here.
You now have 56 gold pieces (gained 3).
There is an open door here.
You see here a hobgoblin skeleton.
Partly explored, can't reach some places.
Partly explored, can't reach some places.
Partly explored, can't reach some places.
Partly explored, can't reach some places.
You grow a pair of large bovine horns.
Your transformation is almost over.
Your horns disappear.
There is an escape hatch in the floor here.
You slide downwards.
The hatch slams shut behind you.
Found a stone staircase leading down.
An adder comes into view.
An adder is nearby!
An adder is nearby!
You grow a pair of large bovine horns.
The adder hisses angrily.
The adder bites you. The adder misses you.
You miss the adder. The adder bites you.
You closely miss the adder. The adder barely misses you.
You completely miss the adder. The adder bites you.
You barely miss the adder. Your headbutt misses the adder.
The adder barely misses you. x2
You barely miss the adder. The adder bites you.
You miss the adder. The adder bites you.
* * * LOW HITPOINT WARNING * * *
You are lethally poisoned!
The adder poisons you!
You scratch the adder. Your headbutt misses the adder.
Your bite misses the adder.
The adder is moderately wounded.
You die...

#. #. #.
#
#.#####.#
#.......#
#..#...#
#..@S..#
##.#...#
#.##.##
#.# .#
#.# #
###.#
#...#
#.### #.#


You could see an adder.

Vanquished Creatures
  2 bats (D:1)
  3 endoplasms (D:1)
  3 giant cockroaches (D:1)
  2 goblins (D:1)
  3 hobgoblins (D:1)
  A ball python (D:1)
  A frilled lizard (D:1)
  2 kobolds (D:1)
  A rat (D:1)
18 creatures vanquished.

Notes
Turn   | Place    | Note
-------+----------+-------------------------------------------
     0 | D:1      | ytrimaz the Felid Transmuter began the quest for the Orb.
     0 | D:1      | Reached XP level 1. HP: 9/9 MP: 4/4
   631 | D:1      | Reached XP level 2. HP: 12/12 MP: 4/6
   924 | D:1      | Learned a level 2 spell: Wereblood
  1267 | D:2      | Succumbed to an adder's poison

Illustrated notes

Levels and vault maps discovered:
D:1:      elethiomel_arrival_shortcut, layout_loops_ring,
          chequers_serial_rivers_small_b, minmay_pentomino_s4
D:2:      layout_loops_ring, dreamdust_ecumenical_altar_grove,
          minmay_split_cup_small

Action                   || total
-------------------------++-------
Melee: Unarmed           ||    46
       Headbutt          ||     4
       Bite              ||     3
       Punch             ||     1
 Cast: Beastly Appendage ||    17
  Use: Scroll            ||     1
 Stab: Sleeping          ||     2
Armor: Skin              ||     4
Dodge: Dodged            ||    33

Table legend: (Time is in decaauts)
 A = Elapsed time spent in this place.
 B = Non-inter-level travel time spent in this place.
 C = Inter-level travel time spent in this place.
 D = Time resting spent in this place.
 E = Time spent auto-exploring this place.
 F = Levels seen in this place.
 G = Mean time per level.
                   A        B        C        D        E       F      G
               +--------+--------+--------+--------+--------+-----+--------+
         Total |   1110 |   1055 |     55 |      0 |    924 |   2 |  555.0 |
       Dungeon |   1110 |   1055 |     55 |      0 |    924 |   2 |  555.0 |
               +--------+--------+--------+--------+--------+-----+--------+

Top non-repeatable levels by time:
     D:1: 1096 daAuts
     D:2: 13 daAuts
